 Dungeon Sprint DCSS version 0.21-a0-71-g5e5ddd2 (webtiles) character file.

11155 Kidiri the Grappler (level 11, -2/97 HPs)
             Began as a Green Draconian Transmuter on June 19, 2017.
             Was a Believer of Uskayaw.
             Killed by divine providence
             ... invoked by an orc high priest
              (11 damage)
             ... in the Dungeon (Sprint IX: "|||||||||||||||||||||||||||||").
             The game lasted 00:10:53 (2589 turns).

Kidiri the Grappler (Green Draconian Transmuter)    Turns: 2589, Time: 00:10:54

Health: -2/97      AC: 10    Str: 15    XL:     11   Next: 45%
Magic:  19/23      EV: 20    Int: 14    God:    Uskayaw [**....]
Gold:   1550       SH:  0    Dex: 17    Spells: 18/31 levels left

rFire    . . .     SeeInvis .     - Unarmed
rCold    . . .     Gourm    .   (shield currently unavailable)
rNeg     . . .     Faith    .   (armour unavailable)
rPois    +         Spirit   .   (helmet restricted)
rElec    .         Reflect  .   m - +0 cloak
rCorr    .         Harm     .   (gloves currently unavailable)
MR       .....     NoTele   +   (no boots)
Stlth    ++++......             (no amulet)
HPRegen  0.26/turn              n - +2 ring of protection
MPRegen  0.18/turn              o - +3 ring of dexterity

@: blade hands (expiring)
A: breathe noxious fumes, unfitting armour, agile 1, low mp 1, poison
resistance, cold-blooded, subdued magic 1, AC +7
a: Breathe Noxious Fumes, End Transformation, Stomp, Line Pass, Renounce
Religion


You were in the Dungeon.
You worshipped Uskayaw.
Uskayaw was noncommittal.
You were very hungry.
You had blades for hands.
You visited 1 branch You collected 1550 gold pieces.

Inventory:

Armour
 m - a +0 cloak (worn)
Jewellery
 n - a +2 ring of protection (left scythe-like blade)
 o - a +3 ring of dexterity (right scythe-like blade)
Wands
 l - a wand of acid (7/15)
Scrolls
 i - 4 scrolls of blinking
 j - 3 scrolls of remove curse
 k - 2 scrolls of amnesia
 s - 3 scrolls of fog
 t - a scroll of fear
 w - a scroll of holy word
Potions
 a - a potion of invisibility
 d - 2 potions of heal wounds
 e - 5 potions of curing
 f - a potion of haste
 g - 4 potions of magic
 h - a potion of berserk rage
 p - 2 potions of resistance
 q - a potion of agility
Books
 b - a book of Changes

   Spells                             Type                      Level
   a - Beastly Appendage              Transmutation                1
   b - Sticks to Snakes               Transmutation                2
   c - Spider Form                    Transmutation/Poison         3
   d - Ice Form                       Ice/Transmutation            4
   e - Blade Hands                    Transmutation                5
Comestibles
 c - 13 bread rations
 r - a royal jelly
 u - 5 chunks of flesh
 v - 14 meat rations
 x - 40 fruits


   Skills:
 + Level 9.2 Fighting
 * Level 10.9 Dodging
 + Level 7.6 Stealth
 * Level 11.8 Unarmed Combat
 * Level 10.9 Spellcasting
 * Level 11.3 Transmutations
 + Level 7.7 Ice Magic
 + Level 9.1 Poison Magic
 + Level 6.9 Invocations
 + Level 6.2 Evocations


You had 18 spell levels left.
You knew the following spells:

 Your Spells              Type           Power        Failure   Level  Hunger
a - Beastly Appendage     Tmut           ####..       5%          1    None
b - Spider Form           Tmut/Pois      ####......   9%          3    None
c - Ice Form              Ice/Tmut       ####....     17%         4    ###....
d - Blade Hands           Tmut           ####......   21%         5    #####..


Dungeon Overview and Level Annotations

Branches:
Dungeon (1/1)

Altars:
Cheibriados
Dithmenos
Elyvilon
Fedhas
Gozag
Hepliaklqana
Kikubaaqudgha
Makhleb
Nemelex Xobeh
Okawaru
Qazlal
Ru
Sif Muna
Trog
Uskayaw
Vehumet
Wu Jian
Xom
Yredelemnul
Zin
The Shining One
Beogh
Jiyva
Lugonu

Shops:
D %(((


Innate Abilities, Weirdness & Mutations

You can breathe blasts of noxious fumes.
Your lurid green scales are hard. (AC +7)
You cannot fit into any form of body armour.
Your system is resistant to poisons. (rPois)
You are cold-blooded and may be slowed by cold attacks.
You are agile. (Dex +2)
Your magical capacity is low. (-10% MP)
Your spells are a little easier to cast, but a little less powerful.


Message History

You slash the orc sorcerer!
You kill the orc sorcerer!
The orc high priest mumbles some strange prayers to Beogh.
You slash the sixfirhy!
Your tail-slap misses the sixfirhy.
The sixfirhy is moderately wounded.
You hit the sixfirhy but do no damage.
The sixfirhy is lightly wounded.
The sixfirhy hits you! The sixfirhy shocks you!
* * * LOW HITPOINT WARNING * * *
The sixfirhy hits you but does no damage. x2
Unknown command.
You hit the sixfirhy. You tail-slap the sixfirhy.
The sixfirhy is moderately wounded.
The sixfirhy completely misses you. x2; The sixfirhy hits you!
* * * LOW HITPOINT WARNING * * *
The sixfirhy shocks you!
* * * LOW HITPOINT WARNING * * *
The orc high priest mumbles some strange prayers to Beogh against you.
Beogh smites you!
You die...

▓▓▓▓▓▓▓▓▓▓▓▓▓▓▓▓▓▓▓▓▓▓▓▓
).....').)))∩$∩)@3ooo...
▓▓▓▓▓▓▓▓▓▓▓▓▓▓▓▓▓▓▓▓▓▓▓▓▓▓▓▓▓▓▓▓▓
.................................
▓▓▓▓▓▓▓▓▓▓▓▓▓▓▓▓▓▓▓▓▓▓▓▓▓▓▓▓▓▓▓▓▓
.÷....÷'............'..[[[[..'...
▓▓▓▓▓▓▓▓▓▓▓▓▓▓▓▓▓▓▓▓▓▓▓▓▓▓▓▓▓▓▓▓▓
.................................
▓▓▓▓▓▓▓▓▓▓▓▓▓▓▓▓▓▓▓▓▓▓▓▓▓▓▓▓▓▓▓▓▓
_______'..|).[[%.'÷.....)......'.


You could see an orc high priest, a sixfirhy and 2 orcs.

Vanquished Creatures
  Erica (D)
  2 orc high priests (D)
  2 lindwurms (D)
  7 orc knights (D)
  2 orc sorcerers (D)
  A black mamba (D)
  A spiny frog (D)
  A rime drake (D)
  2 komodo dragons (D)
  A tyrant leech (D)
  3 hippogriffs (D)
  A yak (D)
  A basilisk (D)
  A water moccasin (D)
  4 porcupines (D)
  3 ice beasts (D)
  11 orc warriors (D)
  A phantom (D)
  A sky beast (D)
  2 crocodiles (D)
  2 bullfrogs (D)
  2 scorpions (D)
  A wight (D)
  A hound (D)
  5 orc wizards (D)
  An orc priest (D)
  An adder (D)
  A shadow imp (D)
  An ooze (D)
  6 worms (D)
  8 orcs (D)
  A bat zombie (D)
  A giant cockroach (D)
  A hobgoblin (D)
  2 kobolds (D)
  A quokka (D)
  A rat (D)
84 creatures vanquished.

Notes
Turn   | Place    | Note
-------+----------+-------------------------------------------
     0 | D        | Kidiri the Draconian Transmuter began the quest for the Orb.
     0 | D        | Reached XP level 1. HP: 16/16 MP: 3/3
   195 | D        | Noticed an ice beast
   201 | D        | Reached XP level 2. HP: 24/24 MP: 2/5
   338 | D        | HP: 1/24 [ice beast (10)]
   348 | D        | Killed an ice beast
   348 | D        | Reached skill level 5 in Unarmed Combat
   348 | D        | Reached XP level 3. HP: 14/31 MP: 6/9
   348 | D        | Reached XP level 4. HP: 18/39 MP: 6/10
   373 | D        | Learned a level 3 spell: Spider Form
   378 | D        | Learned a level 4 spell: Ice Form
   384 | D        | Found a roughly hewn altar of Beogh.
   384 | D        | Found a snail-covered altar of Cheibriados.
   384 | D        | Found a shadowy altar of Dithmenos.
   384 | D        | Found a white marble altar of Elyvilon.
   384 | D        | Found a blossoming altar of Fedhas.
   384 | D        | Found an opulent altar of Gozag.
   385 | D        | Found a hazy altar of Hepliaklqana.
   386 | D        | Found a viscous altar of Jiyva.
   387 | D        | Found an ancient bone altar of Kikubaaqudgha.
   388 | D        | Found a corrupted altar of Lugonu.
   389 | D        | Found a burning altar of Makhleb.
   390 | D        | Found a sparkling altar of Nemelex Xobeh.
   391 | D        | Found an iron altar of Okawaru.
   392 | D        | Found a stormy altar of Qazlal.
   393 | D        | Found a sacrificial altar of Ru.
   394 | D        | Found a deep blue altar of Sif Muna.
   395 | D        | Found a bloodstained altar of Trog.
   396 | D        | Found a hide-covered altar of Uskayaw.
   397 | D        | Found a radiant altar of Vehumet.
   398 | D        | Found an ornate altar of the Wu Jian Council.
   399 | D        | Found a shimmering altar of Xom.
   400 | D        | Found a basalt altar of Yredelemnul.
   401 | D        | Found a glowing silver altar of Zin.
   404 | D        | Found a glowing golden altar of the Shining One.
   420 | D        | Became a worshipper of Uskayaw the Reveler
   576 | D        | Noticed a phantom
   576 | D        | Noticed a hippogriff
   576 | D        | Noticed an ice beast
   580 | D        | Reached skill level 5 in Dodging
   580 | D        | Reached skill level 1 in Stealth
   580 | D        | Reached skill level 5 in Spellcasting
   580 | D        | Reached skill level 1 in Ice Magic
   580 | D        | Reached skill level 1 in Poison Magic
   580 | D        | Reached XP level 5. HP: 46/46 MP: 7/12
   582 | D        | Reached * piety under Uskayaw
   585 | D        | Reached ** piety under Uskayaw
   588 | D        | Reached *** piety under Uskayaw
   590 | D        | Killed a phantom
   591 | D        | Reached **** piety under Uskayaw
   593 | D        | Reached skill level 5 in Transmutations
   593 | D        | Reached XP level 6. HP: 36/53 MP: 6/14
   601 | D        | Killed a hippogriff
   601 | D        | Reached skill level 5 in Fighting
   612 | D        | Learned a level 5 spell: Blade Hands
   765 | D        | Killed an ice beast
   765 | D        | Your scales start taking on a lurid green colour.
   765 | D        | Reached XP level 7. HP: 61/61 MP: 7/16
   765 | D        | Gained mutation: Your system is resistant to poisons. (rPois) [Green Draconian growth]
   886 | D        | Reached ***** piety under Uskayaw
   892 | D        | Gained mutation: Your magical capacity is low. (-10% MP) [mutagenic meat]
   893 | D        | Gained mutation: Your spells are a little easier to cast, but a little less powerful. [mutagenic meat]
   894 | D        | Gained mutation: You are agile. (Dex +2) [mutagenic meat]
  1135 | D        | Noticed a komodo dragon
  1135 | D        | Noticed a yak
  1135 | D        | Noticed a komodo dragon
  1136 | D        | Noticed a rime drake
  1141 | D        | Noticed a basilisk
  1141 | D        | Killed a komodo dragon
  1141 | D        | Reached skill level 5 in Poison Magic
  1141 | D        | Reached skill level 1 in Invocations
  1141 | D        | Reached skill level 1 in Evocations
  1141 | D        | Reached XP level 8. HP: 55/70 MP: 10/17
  1145 | D        | Killed a komodo dragon
  1149 | D        | Killed a rime drake
  1149 | D        | Reached skill level 5 in Ice Magic
  1149 | D        | Reached XP level 9. HP: 59/78 MP: 12/19
  1150 | D        | Reached ****** piety under Uskayaw
  1153 | D        | Reached skill level 5 in Stealth
  1420 | D        | Noticed a black mamba
  1421 | D        | Noticed a spiny frog
  1426 | D        | Killed a black mamba
  1437 | D        | Killed a spiny frog
  1442 | D        | Reached skill level 10 in Unarmed Combat
  1598 | D        | Noticed a tyrant leech
  1601 | D        | Noticed a lindwurm
  1604 | D        | Killed a tyrant leech
  1604 | D        | Reached XP level 10. HP: 85/88 MP: 15/20
  1606 | D        | Noticed a lindwurm
  1617 | D        | Killed a lindwurm
  1618 | D        | Killed a lindwurm
  1618 | D        | Reached skill level 5 in Invocations
  1813 | D        | Noticed Erica
  1821 | D        | Killed Erica
  1821 | D        | Reached skill level 10 in Transmutations
  1869 | D        | Noticed an orc knight
  1869 | D        | Noticed an orc knight
  1877 | D        | Killed an orc knight
  1877 | D        | Reached skill level 5 in Evocations
  1887 | D        | Killed an orc knight
  1887 | D        | Reached skill level 10 in Dodging
  1887 | D        | Reached skill level 10 in Spellcasting
  1888 | D        | Noticed an orc high priest
  1895 | D        | Killed an orc high priest
  2152 | D        | Noticed an orc knight
  2159 | D        | Killed an orc knight
  2161 | D        | Reached XP level 11. HP: 54/95 MP: 14/22
  2539 | D        | Found Qap Keush's Food Emporium.
  2539 | D        | Noticed an orc knight
  2539 | D        | Noticed an orc knight
  2539 | D        | Noticed an orc sorcerer
  2539 | D        | Noticed an orc knight
  2540 | D        | Noticed an orc high priest
  2543 | D        | Killed an orc sorcerer
  2545 | D        | Noticed an orc knight
  2548 | D        | Killed an orc knight
  2552 | D        | Noticed a sixfirhy
  2552 | D        | Killed an orc knight
  2552 | D        | Killed an orc high priest
  2553 | D        | Found Soqoro's Antique Weapon Shoppe.
  2555 | D        | Killed an orc knight
  2556 | D        | Killed an orc knight
  2557 | D        | Found Reaj's Weapon Emporium.
  2569 | D        | Found Mozaf's Weapon Shoppe.
  2574 | D        | Noticed an orc sorcerer
  2575 | D        | Noticed an orc high priest
  2586 | D        | Killed an orc sorcerer
  2587 | D        | Noticed a sixfirhy
  2589 | D        | Killed from afar by an orc high priest

Vault maps used:
D:        linesprint

Skill      XL: |  1  2  3  4  5  6  7  8  9 10 11 |
---------------+----------------------------------+-----
Dodging        | 2 4 5 6 7 8 9 10 | 10.9
Fighting       | 2 3 4 5 6 7 8 9 |  9.2
Unarmed Combat | 5 6 7 8 9 10 11 | 11.8
Spellcasting   | 4 5 6 7 8 9 10 | 10.9
Transmutations | 3 4 5 6 7 8 9 10 11 | 11.3
Stealth        | 1 2 3 4 6 7 |  7.6
Ice Magic      | 1 2 3 4 5 7 |  7.7
Poison Magic   | 1 2 3 5 7 8 9 |  9.1
Invocations    | 1 2 4 5 6 |  6.9
Evocations     | 1 2 4 5 6 |  6.2

Action                   |  1- 3 |  4- 6 |  7- 9 | 10-12 || total
-------------------------+-------+-------+-------+-------++-------
Melee: Unarmed           |    51 |    28 |    65 |   106 ||   250
       Tailslap          |     5 |     1 |     5 |    12 ||    23
       Headbutt          |     7 |       |       |       ||     7
       Kick              |     1 |       |       |       ||     1
       Punch             |     1 |       |     2 |     4 ||     7
 Cast: Beastly Appendage |     5 |     1 |     1 |       ||     7
       Spider Form       |       |     2 |       |       ||     2
       Ice Form          |       |     1 |     1 |     1 ||     3
       Blade Hands       |       |       |     3 |     5 ||     8
Invok: Stomp             |       |       |     1 |     2 ||     3
       Line Pass         |       |       |       |     1 ||     1
 Abil: Breathe Noxious F |       |       |     1 |     2 ||     3
  Use: Potion            |     1 |     1 |       |     3 ||     5
 Stab: Paralysed         |       |     1 |     4 |     5 ||    10
       Sleeping          |       |       |     2 |       ||     2
       Confused          |       |       |       |     3 ||     3
  Eat: Chunk             |       |       |     7 |     5 ||    12
Armor: Skin              |     7 |     6 |    12 |    10 ||    35
Dodge: Dodged            |    22 |    18 |    29 |    46 ||   115
